 Dungeon Crawl Stone Soup version 0.26.1-11-gd32895ea62 (webtiles) character file.

Game seed: 9542110408283258854

55998 dtburroughs the Fighter (level 14, -2/129 HPs)
             Began as a Minotaur Berserker on June 24, 2021.
             Was a High Priest of Trog.
             Drowned by a drowned soul (11 damage)
             ... summoned by a merfolk avatar
             ... on level 6 of the Lair of Beasts.
             The game lasted 00:45:29 (23205 turns).

dtburroughs the Fighter (Minotaur Berserker)       Turns: 23205, Time: 00:45:30

Health: -2/129     AC: 25    Str: 21    XL:     14   Next: 40%
Magic:  4/4        EV: 15    Int:  8    God:    Trog [*****.]
Gold:   1228       SH: 12    Dex: 12    Spells: 13/13 levels left

rFire    . . .     SeeInvis +   X - +3 broad axe (antimagic)
rCold    . . .     Faith    +   A - +0 kite shield
rNeg     . . .     Spirit   .   q - +0 plate armour
rPois    +         Reflect  .   Y - +1 hat {SInv}
rElec    .         Harm     .   Z - scarf {+Inv}
rCorr    .         Rampage  .   R - +3 pair of gauntlets of War {Slay+5}
Will     +....                  g - +2 pair of boots
Stlth    ..........             y - amulet of faith
HPRegen  0.31/turn              s - +4 ring of evasion
MPRegen  0.09/turn              V - ring of poison resistance

@: about to teleport, mesmerised, very slow
A: retaliatory headbutt, horns 2
a: Renounce Religion, Evoke Invisibility, Berserk, Trog's Hand, Brothers in Arms


You were on level 6 of the Lair of Beasts.
You worshipped Trog.
Trog was extremely pleased with you.
You visited 2 branches of the dungeon, and saw 18 of its levels.

You collected 1228 gold pieces.

Inventory:

Hand Weapons
 t - a +0 flail of protection
 E - a +0 war axe
 T - a +1 war axe
 X - a +3 antimagic broad axe (weapon)
Armour
 g - a +2 pair of boots (worn)
 q - a +0 plate armour (worn)
 A - a +0 kite shield (worn)
 I - the +1 pair of gloves of Resonance {Will+ Int+3}
   (You found it on level 8 of the Dungeon)

   It affects your intelligence (+3).
   It affects your willpower, your defense against some magical effects.
 R - the +3 pair of gauntlets of War (worn) {Slay+5}
   (You found it on level 10 of the Dungeon)

   It affects your accuracy and damage with ranged weapons and melee attacks
   (+5).
 Y - a +1 hat of see invisible (worn)
 Z - a scarf of invisibility (worn)
Jewellery
 s - a +4 ring of evasion (left hand)
 y - an amulet of faith (around neck)
 S - an uncursed ring of flight {unknown}
 V - a ring of poison resistance (right hand)
Wands
 h - a wand of enslavement (13)
 u - a wand of random effects (57)
 w - a wand of flame (54)
 B - a wand of disintegration (12)
 F - a wand of iceblast (14)
 N - a wand of polymorph (3)
 Q - a wand of digging (12)
Scrolls
 a - 3 scrolls of enchant weapon
 b - 4 scrolls of blinking
 c - 10 scrolls of remove curse
 f - 4 scrolls of magic mapping
 j - a scroll of holy word {unknown}
 k - 6 scrolls of teleportation
 o - 3 scrolls of identify
 p - 4 scrolls of fear
 r - 2 scrolls of torment {unknown}
 C - 4 scrolls of immolation
 D - 4 scrolls of enchant armour
 G - a scroll of brand weapon {unknown}
 J - a scroll of noise {unknown}
 O - 2 scrolls of fog {unknown}
Potions
 d - 4 potions of lignification {unknown}
 e - a potion of cancellation {unknown}
 i - 7 potions of flight
 l - 5 potions of attraction
 m - 3 potions of heal wounds {unknown}
 n - 2 potions of curing
 v - 2 potions of haste {unknown}
 x - 6 potions of ambrosia
 z - 4 potions of mutation {unknown}
 H - a potion of resistance {unknown}
 L - 3 potions of berserk rage {unknown}
 M - a potion of brilliance {unknown}
 P - 3 potions of might
 U - a potion of invisibility {unknown}
 W - 3 potions of magic {unknown}
Miscellaneous
 K - a lightning rod (4/4)


   Skills:
 + Level 13.1 Fighting
 + Level 13.1 Axes
 + Level 13.0 Armour
 + Level 12.0 Dodging
 + Level 11.5 Shields
 + Level 9.0 Evocations


You had 13 spell levels left.
You didn't know any spells.
Your spell library was empty.

Dungeon Overview and Level Annotations

Branches:
Dungeon (12/15)            Temple (0/1) D:5            Lair (6/6) D:10
  Swamp (0/4) Lair:4        Snake (0/4) Lair:4
  Slime: Lair:5-6       Orc: D:9-12

Altars:
Ashenzari
Cheibriados
Elyvilon
Fedhas
Gozag
Hepliaklqana
Makhleb
Nemelex Xobeh
Okawaru
Qazlal
Ru
Wu Jian
Yredelemnul
Zin
The Shining One

Shops:
D:7 [   D:10 *

Annotations:
Lair:5 3 runed translucent doors, exclusion: 3 oklob plants, Tirrikindir's ghost, journeyman OpFi


Innate Abilities, Weirdness & Mutations

You reflexively headbutt those who attack you in melee.
You have a pair of horns on your head.


Message History

The merfolk avatar's magic leaks into the air.
You headbutt the merfolk avatar!!
The merfolk avatar is severely wounded.
The merfolk avatar chants its luring song.
You feel better.
The merfolk avatar chants its luring song.
As you read the scroll of teleportation, it crumbles to dust.
You feel strangely unstable. You block the drowned soul's attack.
The drowned soul touches you. The drowned soul drowns you!
* * * LOW HITPOINT WARNING * * *
The merfolk avatar falters for a moment.
You feel better. You block the drowned soul's attack.
The drowned soul touches you. The drowned soul drowns you!
* * * LOW HITPOINT WARNING * * *
The drowned soul touches you. The drowned soul drowns you!
* * * LOW HITPOINT WARNING * * *
You feel better.
The merfolk avatar chants its luring song.
The drowned soul touches you. The drowned soul drowns you!
You die...

.P....≈≈≈≈# ≈≈ #≈≈
#..†.≈≈≈≈≈########.#####
.....≈##≈≈#8≈≈≈≈≈≈≈≈≈≈8#
......##≈≈#P≈≈P≈≈≈≈≈≈≈≈#
.....≈≈≈≈≈#≈≈≈≈≈≈≈≈≈≈≈≈#
P###.≈≈≈≈≈#≈≈≈≈?!$?≈≈≈≈#
####.≈##≈#.≈P≈≈?≈≈[≈≈≈≈#
#..≈#.≈#.≈≈≈≈[m≈(≈≈≈≈#
##..≈P≈≈.≈#≈≈$@|?≈≈≈≈#
#.≈≈≈≈≈#≈≈≈P≈≈≈≈≈≈≈≈#
##≈##≈≈#≈≈≈≈≈≈≈≈≈≈≈≈#
#≈≈##≈≈#8≈≈≈P≈≈≈≈≈≈.#
#≈P≈≈≈≈#####≈≈≈≈#####
#≈.≈≈≈≈# ≈≈≈≈≈≈≈
..≈##≈≈# ≈≈8.≈≈≈≈
#..≈##≈≈# ≈≈≈≈≈≈≈≈≈≈ ..
≈≈≈# .##≈≈###≈#


You could see a merfolk avatar (mesmerising).

Vanquished Creatures
  Gastronok (Lair:3)
  Snorg (D:10)
  Fannar (D:10)
  A rakshasa (D:11)
  8 hydras
  5 boulder beetles
  Erica (D:10)
  11 death yaks
  A sea snake (Lair:6)
  3 unseen horrors (D:11)
  A harpy (Lair:6)
  3 ugly things (D:11)
  19 elephants
  2 black mambas
  10 cane toads
  Maggie (D:6)
  4 rime drakes
  11 komodo dragons
  3 trolls
  3 polar bears
  Grinder (D:3)
  A wind drake (Lair:6)
  4 hornets
  13 blink frogs
  A water elemental (D:11)
  3 wyverns
  2 basilisks
  18 yaks
  A wraith (D:11)
  5 vampire mosquitoes (Lair:4)
  A steam dragon (D:10)
  Menkaure (D:6)
  A naga (Lair:4)
  4 wargs (D:11)
  8 water moccasins
  7 orc warriors
  2 black bears
  4 ice beasts
  A sky beast (D:11)
  2 eyes of draining
  6 wolves
  4 ogres
  3 centaurs
  15 bullfrogs
  A gnoll sergeant (D:5)
  A wyvern skeleton (D:10)
  2 water moccasin skeletons
  4 scorpions
  11 wights
  An electric eel (Lair:4)
  A jelly (D:9)
  A howler monkey (D:7)
  A centaur zombie (D:5)
  18 orc wizards
  3 centaur skeletons
  2 orc priests
  A gnoll shaman (D:6)
  8 hounds
  A bullfrog skeleton (D:10)
  2 iguanas
  12 worker ants
  10 hell rats (Lair:2)
  A hound skeleton (D:7)
  2 worker ant zombies
  18 gnolls
  11 river rats (Lair:2)
  11 adders
  3 shadow imps
  A white imp (D:5)
  2 ufetubi
  5 oozes
  An adder zombie (D:5)
  2 adder skeletons (D:4)
  2 worms
  4 dart slugs
  6 leopard geckos
  46 orcs
  9 bats
  4 giant cockroaches
  6 hobgoblins
  3 jackals (D:5)
  4 kobolds
  11 quokkas
  A ball python (D:5)
  A ball python zombie (D:5)
  7 goblins
  A quokka skeleton (D:4)
  17 rats
457 creatures vanquished.

Vanquished Creatures (collateral kills)
  An elephant (Lair:5)
  A hornet (Lair:5)
  An eye of draining (D:11)
  An orc warrior (D:11)
4 creatures vanquished.

Vanquished Creatures (others)
  A wyvern zombie (D:10)
  An orc (D:9)
  A rat (D:2)
  A bush (Lair:6)
  35 fungi
  59 plants
98 creatures vanquished.

Grand Total: 559 creatures vanquished

Notes
Turn   | Place    | Note
-------+----------+-------------------------------------------
     0 | D:1      | dtburroughs the Minotaur Berserker began the quest for the
                  | Orb.
     0 | D:1      | Reached XP level 1. HP: 19/19 MP: 0/0
   155 | D:1      | Reached XP level 2. HP: 24/27 MP: 1/1
   507 | D:1      | Reached XP level 3. HP: 30/33 MP: 2/2
   570 | D:1      | Reached ** piety under Trog
   936 | D:2      | Found a stormy altar of Qazlal.
  1269 | D:2      | Found a glowing golden altar of the Shining One.
  1362 | D:2      | Reached XP level 4. HP: 22/41 MP: 3/3
  1514 | D:2      | Found a sacrificial altar of Ru.
  2030 | D:3      | Reached XP level 5. HP: 35/47 MP: 4/4
  2502 | D:3      | Noticed Grinder
  2585 | D:3      | Paralysed by Grinder for 4 turns
  2592 | D:3      | Killed Grinder
  2593 | D:3      | Reached skill level 5 in Fighting
  2593 | D:3      | Reached skill level 5 in Axes
  2593 | D:3      | Reached XP level 6. HP: 49/56 MP: 5/5
  3302 | D:4      | Reached skill level 5 in Armour
  3309 | D:4      | Reached XP level 7. HP: 51/62 MP: 6/6
  3464 | D:4      | Found a broken altar of Ashenzari.
  3749 | D:4      | Found a basalt altar of Yredelemnul.
  3871 | D:4      | Reached *** piety under Trog
  4057 | D:5      | Entered Level 5 of the Dungeon
  4255 | D:5      | Reached skill level 5 in Dodging
  4533 | D:5      | Found a staircase to the Ecumenical Temple.
  4537 | D:5      | Reached XP level 8. HP: 63/71 MP: 7/7
  5562 | D:6      | Found an ornate altar of the Wu Jian Council.
  5601 | D:6      | Noticed Maggie
  5622 | D:6      | Killed Maggie
  5623 | D:6      | Reached skill level 1 in Shields
  5623 | D:6      | Reached skill level 1 in Evocations
  5736 | D:6      | Reached **** piety under Trog
  5904 | D:6      | Found a hazy altar of Hepliaklqana.
  6247 | D:6      | Noticed Menkaure
  6253 | D:6      | Killed Menkaure
  6767 | D:6      | Reached XP level 9. HP: 79/79 MP: 8/8
  6803 | D:6      | Found a glowing silver altar of Zin.
  6811 | D:6      | Found an opulent altar of Gozag.
  6980 | D:7      | Found a snail-covered altar of Cheibriados.
  7522 | D:7      | Found Defu's Antique Armour Shoppe.
  8107 | D:8      | Got a pair of distressingly furry gloves
  8122 | D:8      | Identified the +1 pair of gloves of Resonance {Will+ Int+3}
                  | (You found it on level 8 of the Dungeon)
  8143 | D:8      | Paralysed by a hornet for 3 turns
  8288 | D:8      | Found a sparkling altar of Nemelex Xobeh.
  8315 | D:8      | Found an iron altar of Okawaru.
  8339 | D:8      | Reached ***** piety under Trog
  8456 | D:8      | Found a blossoming altar of Fedhas.
  9021 | D:9      | Found a white marble altar of Elyvilon.
  9266 | D:9      | Noticed a troll
  9287 | D:9      | Killed a troll
  9288 | D:9      | Reached XP level 10. HP: 51/90 MP: 9/9
  9602 | D:9      | Reached skill level 5 in Shields
 10078 | D:10     | Entered Level 10 of the Dungeon
 10100 | D:10     | Paralysed by a hornet for 3 turns
 10106 | D:10     | Paralysed by a hornet for 3 turns
 10354 | D:10     | Noticed Fannar
 10384 | D:10     | Killed Fannar
 10738 | D:10     | Noticed Erica
 10767 | D:10     | Killed Erica
 10897 | D:10     | Found Juavir's Assorted Antiques.
 11453 | D:10     | Found the +3 pair of gauntlets of War {Slay+5}
 11763 | D:10     | Found a staircase to the Lair.
 11794 | D:10     | Noticed Snorg
 11806 | D:10     | Killed Snorg
 11850 | D:10     | Reached XP level 11. HP: 73/99 MP: 10/10
 11901 | D:10     | Reached skill level 5 in Evocations
 12182 | D:11     | Killed an unseen horror
 12228 | D:11     | Found a burning altar of Makhleb.
 12268 | D:11     | Noticed a rakshasa
 12283 | D:11     | Killed an unseen horror
 12283 | D:11     | Received a gift from Trog
 12291 | D:11     | Killed an unseen horror
 12292 | D:11     | Reached skill level 10 in Fighting
 12292 | D:11     | Reached skill level 10 in Axes
 12384 | D:11     | Noticed a boulder beetle
 12558 | D:11     | Killed a boulder beetle
 12559 | D:11     | Reached skill level 10 in Armour
 12925 | D:11     | Noticed a green ugly thing
 12937 | D:11     | Killed a green ugly thing
 13145 | D:11     | Killed a rakshasa
 13469 | D:11     | Noticed a boulder beetle
 13499 | D:11     | Killed a boulder beetle
 14083 | D:11     | Noticed a cyan ugly thing
 14093 | D:11     | Killed a cyan ugly thing
 14464 | D:11     | Noticed a red ugly thing
 14481 | D:11     | Killed a red ugly thing
 14651 | D:11     | Reached XP level 12. HP: 108/108 MP: 3/11
 14678 | D:12     | Noticed a four-headed hydra
 14687 | D:11     | Killed a four-headed hydra
 14823 | Lair:1   | Entered Level 1 of the Lair of Beasts
 15289 | Lair:1   | You fall into a shaft and drop 1 floor!
 15470 | Lair:1   | Identified the Guide on Shifting Stones
 15826 | Lair:1   | Noticed a four-headed hydra
 15840 | Lair:1   | Killed a four-headed hydra
 15841 | Lair:1   | Reached skill level 10 in Dodging
 16241 | Lair:2   | Noticed an eight-headed hydra
 16254 | Lair:2   | Killed an eight-headed hydra
 17174 | Lair:2   | Received a gift from Trog
 17467 | Lair:3   | Noticed Gastronok
 17488 | Lair:3   | Killed Gastronok
 17489 | Lair:3   | Reached XP level 13. HP: 109/117 MP: 4/12
 17848 | Lair:3   | Reached skill level 10 in Shields
 19085 | Lair:4   | Found a staircase to the Snake Pit.
 19357 | Lair:4   | Found a staircase to the Swamp.
 20697 | Lair:4   | Received a gift from Trog
 21528 | Lair:5   | Found a runed translucent gate.
 21528 | Lair:5   | Found a runed translucent gate.
 21529 | Lair:5   | Found a runed translucent gate.
 21534 | Lair:5   | Noticed Tirrikindir's ghost (journeyman OpFi)
 21969 | Lair:6   | Entered Level 6 of the Lair of Beasts
 22132 | Lair:6   | Reached XP level 14. HP: 127/127 MP: 4/13
 22514 | Lair:6   | Paralysed by a hornet for 2 turns
 23204 | Lair:6   | HP: 3/129 [drowned by a drowned soul[a merfolk avatar]
                  | (15)]
 23205 | Lair:6   | Drowned by a drowned soul

Illustrated notes

Levels and vault maps discovered:
D:1:      psy_arrival_whirlpool, layout_basic, dk_noncrumbling_4,
          minmay_pentomino_o4
D:2:      layout_basic, lemuel_coloured_pillars_altar, marbit_many_paths,
          tso_altar, nicolae_overflow_crystal_walls, lemuel_old_faithful
D:3:      layout_rooms, minmay_pentomino_pile, uniq_grinder
D:4:      layout_basic, kennysheep_mini_moat, ashenzari_conservatory_becter,
          hangedman_decor_clover_reticule
D:5:      layout_cave_pods, minmay_temple_entry_glassed_door
D:6:      layout_basic, grunt_temple_overflow_gold_and_silver,
          nzn_wu_jian_council_hall, nzn_hepliaklqana_mist_gate, uniq_menkaure,
          uniq_maggie
D:7:      layout_basic, lemuel_round_altar, serial_shops, shop_statue,
          kennysheep_generic_room_4
D:8:      layout_gridville, nemelex_xobeh_ov_fountains_minmay,
          fedhas_ov_isle_minmay, okawaru_trees_1
D:9:      layout_stronghold, elyvilon_altar_4
D:10:     layout_gridville, lair_entry_dummy, serial_shops,
          nicolae_shop_overgrown_old_shop, uniq_erica, uniq_snorg, uniq_fannar
D:11:     minmay_the_grid_triangle_9x9_rhombus_thin_mashed
          [minmay_the_grid_triangle_9x9_shrine,
          minmay_the_grid_triangle_9x9_prize_top_heavy,
          minmay_the_grid_triangle_9x9_zippers_vertical,
          minmay_the_grid_triangle_9x9_stretched_checkered], layout_basic,
          enter_bailey_7, nooodl_orcs_dogs
D:12:     layout_irregular_city, david_orc_3
Lair:1:   layout_cave_pods
Lair:2:   lemuel_ratsnest, layout_small_grid, st_stairs_9
Lair:3:   layout_chaotic_city, minivault_23, serial_bayou_pond_c,
          grunt_megastairs_3, uniq_gastronok
Lair:4:   layout_regular_city, minmay_swamp_entry_swarm,
          guppyfry_snake_entry_garden, cheibrodos_lair_reptile_den
Lair:5:   layout_concentric_octagons, minmay_slime_entry_oklob_enclosed,
          gammafunk_ghost_necromancy, infiniplex_staircase_pool
Lair:6:   gammafunk_lair_ancient_temple, layout_misc_corridors

Skill      XL: |  1  2  3  4  5  6  7  8  9 10 11 12 13 14 |
---------------+-------------------------------------------+-----
Axes           | 4 5 6 7 8 9 10 11 12 13 | 13.1
Fighting       | 4 5 6 7 8 9 10 11 12 13 | 13.1
Armour         | 3 4 5 6 7 8 9 10 11 12 13 | 13.0
Dodging        | 3 4 5 6 7 8 9 10 11 12 | 12.0
Shields        | 2 4 6 8 9 11 | 11.5
Evocations     | 2 3 4 6 7 8 9 |  9.0

Action                   |  1- 3 |  4- 6 |  7- 9 | 10-12 | 13-15 || total
-------------------------+-------+-------+-------+-------+-------++-------
Melee: Hand axe          |    67 |   140 |   288 |       |       ||   495
       Headbutt          |    13 |    28 |   101 |   123 |   116 ||   381
       War axe           |       |       |   210 |   243 |       ||   453
       Broad axe         |       |       |       |   298 |   345 ||   643
       Flail             |       |       |       |    23 |    36 ||    59
Invok: Trog's Hand       |     1 |     3 |     6 |     7 |     2 ||    19
       Berserk           |       |       |     2 |     2 |       ||     4
       Brothers in Arms  |       |       |       |     1 |     1 ||     2
Evoke: Wand              |       |       |     2 |    19 |       ||    21
  Use: Scroll            |       |       |    10 |     5 |     3 ||    18
       Potion            |       |       |       |     1 |     3 ||     4
Armor: Animal skin       |    13 |     5 |       |       |       ||    18
       Chain mail        |       |    62 |    44 |       |       ||   106
       Plate armour      |       |       |   147 |   323 |   254 ||   724
Dodge: Dodged            |    55 |    83 |   245 |   253 |   263 ||   899
Block: Kite shield       |       |       |   147 |   349 |   307 ||   803
